 Dungeon Crawl Stone Soup version 0.30-a0-585-g93115170b9 (webtiles) character file.

Game seed: 3108616780035625658

34 BlackLaughter the Digger (level 3, 0/24 HPs)
             Began as a Vampire Earth Elementalist on Jan 2, 2023.
             Slain by a gnoll
             ... wielding a +0 flail of protection
              (7 damage)
             ... on level 3 of the Dungeon.
             The game lasted 00:14:23 (1072 turns).

BlackLaughter the Digger (VpEE)                     Turns: 1072, Time: 00:14:23

Health: 0/24       AC:  5    Str:  7    XL:     3   Next: 14%
Magic:  7/15       EV: 10    Int: 19    God:
Gold:   30         SH:  0    Dex: 14    Spells: 5/6 levels left

rFire   . . .      SeeInvis +    k - +0 hand axe (freeze)
rCold   . . .      Faith    .    (no shield)
rNeg    . . .      Spirit   .    n - +0 ring mail
rPois   .          Reflect  .    (no helmet)
rElec   .          Harm     .    (no cloak)
rCorr   .          Rampage  .    (no gloves)
Will    .....                    (no boots)
Stlth   ++                       (no amulet)
HPRegen 0.44/turn                j - ring of magical power
MPRegen 0.14/turn                (no ring)

@: slightly contaminated, healing quickly
A: alive, fangs 3, see invisible, vampiric 2
a: Exsanguinate


You were on level 3 of the Dungeon.
You visited 1 branch of the dungeon, and saw 3 of its levels.

You collected 30 gold pieces.

Inventory:

Hand Weapons
 c - a +0 short sword
 k - a +0 hand axe of freezing (weapon)
 l - a +2 vampiric dagger
Armour
 a - a +0 robe
 i - a +0 leather armour
 n - a +0 ring mail (worn)
 o - a +2 tower shield
Jewellery
 j - a ring of magical power (left hand)
Scrolls
 d - 3 scrolls of summoning {unknown}
 e - a scroll of noise {unknown}
 f - 2 scrolls of identify {unknown}
 g - a scroll of vulnerability {unknown}
Potions
 b - a potion of magic
 h - a potion of heal wounds {unknown}
 m - a potion of degeneration {unknown}
 p - a potion of brilliance {unknown}


   Skills:
 + Level 0.2 Fighting
 + Level 0.3 Short Blades
 + Level 2.4 Dodging
 + Level 3.3 Stealth
 + Level 2.3 Spellcasting
 + Level 1.1 Transmutations
 + Level 3.7 Earth Magic


You had 5 spell levels left.
You knew the following spells:

 Your Spells              Type           Power      Damage    Failure   Level
a - Sandblast             Erth           32%        2d9       13%         1

Your spell library contained the following spells:

 Spells                   Type           Power      Damage    Failure   Level
 Passwall                 Tmut/Erth      9%         N/A       32%         2
 Stone Arrow              Conj/Erth      18%        3d8       63%         3
 Ensorcelled Hibernation  Hex/Ice        4%         N/A       65%         2
 Frozen Ramparts          Ice            4%         1d1       87%         3
 Swiftness                Air            2%         N/A       87%         3
 Petrify                  Tmut/Erth      11%        N/A       91%         4
 Ice Form                 Ice/Tmut       4%         N/A       99%         4
 Summon Ice Beast         Ice/Summ       2%         N/A       99%         4


Dungeon Overview and Level Annotations

Branches:
Dungeon (3/15)

Altars:


Innate Abilities, Weirdness & Mutations

Your natural rate of healing is accelerated.
You have razor-sharp teeth.
You have supernaturally acute eyesight. (SInv)
You are afflicted with vampirism and can become a bat while bloodless.


Message History

Press: ? - help, Q - select action Shift-Dir - straight line, f/p - gnoll
Aim: a gnoll, wielding a +0 flail of protection (moderately wounded, 84% to hit)
You miscast Sandblast.
Nothing appears to happen.
You block the gnoll's attack.
Aiming: Sandblast (safe; 93% risk of failure)
Press: ? - help, Q - select action Shift-Dir - straight line, f/p - gnoll
Aim: a gnoll, wielding a +0 flail of protection (moderately wounded, 84% to hit)
You miscast Sandblast.
Nothing appears to happen.
The gnoll hits you with a +0 flail of protection!
* * * LOW HITPOINT WARNING * * *
You see here a frilled lizard corpse.
The gnoll attacks as you move away! The gnoll barely misses you.
There is a stone staircase leading down here.
You climb downwards.
There is a stone staircase leading up here.
Okay, then.
Okay, then.
Okay, then.
Okay, then.
You block the gnoll's attack.
Keep disrobing?
You start removing your armour.
You continue taking off your +2 tower shield.
The gnoll closely misses you.
You continue taking off your +2 tower shield.
You block the gnoll's attack.
You continue taking off your +2 tower shield.
You block the gnoll's attack.
You continue taking off your +2 tower shield.
The gnoll hits you with a +0 flail of protection.
* * * LOW HITPOINT WARNING * * *
You finish taking off your +2 tower shield.
Aiming: Sandblast (safe; 13% risk of failure)
Press: ? - help, Q - select action Shift-Dir - straight line, f - gnoll
Aim: a gnoll, wielding a +0 flail of protection (moderately wounded, 84% to hit)
The blast of sand hits the gnoll but does no damage.
The gnoll is moderately wounded.
The gnoll misses you.
The gnoll hits you with a +0 flail of protection!
You die...

######
#....# #.
#....#
##..###....#
...........#
......g@...#
.....##....#
... #....# #
######


You could see a gnoll.

Vanquished Creatures
  A dart slug (D:1)
  A ball python (D:1)
  5 bats (D:1)
  4 giant cockroaches (D:1)
  3 goblins (D:1)
  4 hobgoblins (D:1)
  3 frilled lizards
  5 kobolds (D:1)
  5 rats (D:1)
31 creatures vanquished.

Notes
Turn   | Place    | Note
-------+----------+-------------------------------------------
     0 | D:1      | BlackLaughter the Vampire Earth Elementalist began the
                  | quest for the Orb.
     0 | D:1      | Reached XP level 1. HP: 13/13 MP: 3/3
   151 | D:1      | Reached XP level 2. HP: 19/19 MP: 1/5
   702 | D:1      | Gained mutation: You are afflicted with vampirism and can
                  | become a bat while bloodless. [Vampire growth]
   702 | D:1      | Reached XP level 3. HP: 20/24 MP: 6/6
  1072 | D:3      | Slain by a gnoll

Illustrated notes

Levels and vault maps discovered:
D:1:      beargit_arrival_greenhouse, layout_basic, amcnicky_mini_pool_small
D:2:      layout_basic, uniq_robin
D:3:      layout_rooms, mainiacjoe_overflow_alcove_4,
          mainiacjoe_overflow_chevrons, ebering_ghost_inner_flame, uniq_natasha

Action                   || total
-------------------------++-------
Melee: Unarmed           ||     2
       Short sword       ||    34
       Hand axe          ||    20
       Bite              ||     6
 Cast: Sandblast         ||    23
 Stab: Sleeping          ||     8
Armor: Leather armour    ||    17
       Robe              ||     3
       Ring mail         ||     2
Dodge: Dodged            ||    59
Block: Tower shield      ||     9

Table legend: (Time is in decaauts)
 A = Elapsed time spent in this place.
 B = Non-inter-level travel time spent in this place.
 C = Inter-level travel time spent in this place.
 D = Time resting spent in this place.
 E = Time spent auto-exploring this place.
 F = Levels seen in this place.
 G = Mean time per level.
                   A        B        C        D        E       F      G
               +--------+--------+--------+--------+--------+-----+--------+
         Total |   1088 |    939 |    149 |     45 |    582 |   3 |  362.7 |
       Dungeon |   1088 |    939 |    149 |     45 |    582 |   3 |  362.7 |
               +--------+--------+--------+--------+--------+-----+--------+

Top non-repeatable levels by time:
     D:1: 998 daAuts
     D:2: 84 daAuts
     D:3: 5 daAuts
